Map: Alcyone LE

Players

Swarm

  • Race: Zerg Zerg
  • League: Diamond
  • Spawn Location: 7:00

SubN - Winner!

  • Race: Zerg Zerg
  • League: Diamond
  • Spawn Location: 1:00

VOD

Have the link to the VOD?

Description

Time

  • Played on: Jan. 20, 2024, 6:55 p.m.
  • Length: 8:26
Show
View Real Time Build Order
Export as new Build Order

Swarm Zerg 

Build Orders: Pool First 

Get SALT Encoding   

  12  0:01  Drone  
  13  0:11  Drone  
  14  0:20  Overlord  
  14  0:33  Spawning Pool  
  13  0:36  Drone  
  13  0:40  Drone  
  15  0:44  Drone  
  15  0:48  Drone  
  17  1:10  Hatchery  
  16  1:20  Zergling x6  
  19  1:29  Queen  
  21  1:33  Extractor  
  21  1:37  Overlord  
  20  1:48  Drone  
  21  2:06  Drone x2  
  23  2:14  Drone  
  24  2:24  Drone  
  25  2:39  Drone x6  
  31  2:52  Queen  
  31  2:54  Queen  
  35  3:01  Roach Warren  
  35  3:03  Drone  
  35  3:04  Overlord  
  35  3:11  Spine Crawler  
  34  3:24  Drone x5  
  39  3:40  Overlord, Queen  
  41  3:42  Overlord  
  41  3:49  Drone x3  
  41  3:52  Overlord  
  44  4:05  Drone x5  
  44  4:08  Extractor  
  44  4:09  Extractor  
  47  4:12  Extractor  
  46  4:18  Evolution Chamber  
  46  4:19  Evolution Chamber  
  44  4:33  Drone x2  
  44  4:34  Drone  
  44  4:35  Drone x3  
  50  4:47  Drone  
  50  4:48  Drone x2  
  50  4:50  Lair  
  50  4:51  Zerg Ground Armor Level 1  
  53  4:52  Zerg Missile Weapons Level 1  
  53  5:06  Overlord x2  
  53  5:08  Roach x2  
  53  5:09  Roach x2  
  53  5:11  Drone  
  62  5:20  Overlord  
  62  5:22  Overlord  
  62  5:29  Drone  
  63  5:36  Roach x5  
  73  5:48  Roach x2  
  73  5:49  Roach x6  
  89  5:55  Hydralisk Den  
  88  5:59  Infestation Pit  
  88  6:03  Overlord x2  
  87  6:09  Drone  
  88  6:22  Roach x7  
  102  6:29  Overseer  
  102  6:32  Overlord  
  102  6:33  Overlord  
  102  6:41  Hive  
  102  6:47  Muscular Augments  
  102  6:54  Lurker Den  
  101  7:08  Extractor  
  101  7:09  Hatchery  
  101  7:12  Extractor  
  83  7:32  Roach  
  83  7:33  Roach x9  
  79  7:56  Roach  
  79  7:57  Roach x8  
Show
View Real Time Build Order
Export as new Build Order

SubN Zerg - Winner!

Build Orders: Hatch First 

Get SALT Encoding   

  12  0:00  Drone  
  13  0:12  Overlord  
  13  0:19  Drone  
  14  0:30  Drone  
  14  0:31  Drone  
  16  0:51  Hatchery  
  16  0:53  Drone  
  16  0:59  Drone  
  16  1:00  Drone  
  18  1:14  Extractor  
  18  1:16  Spawning Pool  
  16  1:19  Drone  
  16  1:22  Drone  
  18  1:28  Drone  
  19  1:38  Overlord  
  19  1:49  Drone  
  20  2:00  Drone  
  21  2:03  Queen  
  21  2:04  Queen  
  21  2:05  Drone  
  26  2:11  Drone  
  27  2:16  Metabolic Boost  
  27  2:19  Drone  
  28  2:28  Evolution Chamber  
  27  2:36  Zergling x6  
  27  2:37  Zergling x2  
  28  2:47  Zergling x4  
  28  2:55  Zergling x2  
  29  2:59  Queen  
  29  3:05  Drone x2  
  33  3:23  Hatchery  
  33  3:24  Drone x2  
  34  3:28  Overlord  
  34  3:37  Queen  
  36  3:41  Overlord  
  36  3:46  Overlord  
  36  3:50  Drone  
  36  3:55  Drone x3  
  40  4:01  Drone x2  
  42  4:04  Drone  
  42  4:08  Drone x2  
  45  4:16  Drone x2  
  45  4:17  Drone  
  48  4:23  Drone  
  50  4:24  Drone, Roach Warren  
  50  4:26  Drone  
  50  4:28  Drone  
  51  4:31  Drone  
  51  4:35  Lair  
  51  4:37  Drone  
  53  4:42  Extractor  
  53  4:43  Extractor  
  51  4:46  Drone x3  
  51  4:48  Evolution Chamber  
  51  4:51  Overlord  
  53  4:53  Overlord  
  53  5:00  Queen  
  53  5:01  Overlord  
  53  5:05  Drone x2  
  53  5:06  Drone  
  58  5:10  Drone x3  
  61  5:19  Drone  
  63  5:21  Drone x3, Extractor  
  63  5:23  Drone  
  63  5:24  Drone x3  
  63  5:27  Extractor  
  67  5:29  Zerg Missile Weapons Level 1  
  67  5:32  Glial Reconstitution  
  67  5:42  Zerg Ground Armor Level 1  
  67  5:45  Drone x3  
  67  5:47  Overlord x2  
  67  5:48  Overlord  
  70  5:56  Roach x2  
  70  5:57  Roach x2  
  78  6:05  Roach x2  
  78  6:06  Roach x2  
  86  6:12  Roach x3  
  86  6:14  Overseer  
  92  6:22  Roach  
  92  6:23  Roach x4  
  102  6:30  Roach  
  102  6:31  Roach  
  106  6:32  Overlord  
  106  6:33  Overlord x2  
  106  6:44  Pneumatized Carapace  
  106  6:45  Overlord  
  106  6:53  Roach  
  112  6:54  Roach x7  
  112  6:58  Ravager  
  112  6:59  Ravager  
  124  7:06  Roach x4  
  133  7:15  Roach  
  133  7:16  Roach x2  
  133  7:18  Overlord x3  
  126  7:30  Roach  
  126  7:31  Roach x6  
  131  7:39  Roach x4  
  139  7:52  Overlord x3  
  139  7:55  Roach  
  139  7:56  Roach x2  
Tags
 
Add a new tag
Caveats
  • Supply blocks, unpowered buildings, or Contaminate may cause inaccurate times.
  • Supply counts are checked every 10 seconds.